| TOP OF THE 1ST |
|
Cedar Rapids Kernels batting - Pitching for Lansing Lugnuts : RHP Takehide Tanaka
|
|
Pitching: RHP Takehide Tanaka
|
|
|
Batting: RHB Tim Carter
|
0-0: Ground out 5-3 (Groundball, 56, EV 84.4 MPH)
|
|
Batting: RHB Mike Buchanan
|
0-0: Called Strike 0-1: SINGLE (Line Drive, 78S, EV 96.2 MPH)
|
|
Batting: LHB Tomas Espino
|
0-0: Fly out, F8 (Flyball, 8LM, EV 91.9 MPH)
|
|
Batting: RHB Pat Adams
|
0-0: Ball Mike Buchanan steals 2nd base 1-0: Swinging Strike Balk! Mike Buchanan to third 1-1: Ball 2-1: Ball 3-1: Ground out 6-3 (Groundball, 6MS, EV 79.4 MPH)
|
| Top of the 1st over - 0 runs, 1 hit, 0 errors, 1 left on base; Cedar Rapids 0 - Lansing 0 |
| BOTTOM OF THE 1ST |
|
Lansing Lugnuts batting - Pitching for Cedar Rapids Kernels : LHP Mario Flores
|
|
Pitching: LHP Mario Flores
|
|
|
Batting: RHB Kennet Strijbis
|
0-0: Foul Ball, location: 2F 0-1: Called Strike 0-2: Ball 1-2: Ball 2-2: Ball 3-2: Base on Balls
|
|
Batting: RHB Brian Manson
|
0-0: Ball 1-0: Called Strike Kennet Strijbis is caught stealing 2nd base 2-4 1-1: Swinging Strike 1-2: Foul Ball, location: 2F 1-2: SINGLE (Groundball, 56D, EV 107.5 MPH)
|
|
Batting: RHB Raul de la Cruz
|
0-0: Ball 1-0: Ball 2-0: Foul Ball, location: 2F 2-1: Swinging Strike 2-2: Strikes out looking
|
|
Batting: RHB Butch Koglin
|
0-0: Ball 1-0: Ground out 5-3 (Groundball, 56S, EV 83.8 MPH)
|
| Bottom of the 1st over - 0 runs, 1 hit, 0 errors, 1 left on base; Cedar Rapids 0 - Lansing 0 |
| TOP OF THE 2ND |
|
Cedar Rapids Kernels batting - Pitching for Lansing Lugnuts : RHP Takehide Tanaka
|
|
Batting: RHB Nick Phipps
|
0-0: Ball 1-0: Ball 2-0: Foul Ball, location: 2F 2-1: Fly out, F8 (Flyball, 8LM, EV 93.1 MPH)
|
|
Batting: SHB Chris Hull
|
0-0: Foul Ball, location: 2F 0-1: Called Strike 0-2: Ball 1-2: Ball 2-2: Foul Ball, location: 2F 2-2: Ball 3-2: Base on Balls
|
|
Batting: RHB Steve Terrell
|
0-0: Ball 1-0: Ball 2-0: Fly out, F8 (Flyball, 8LD, EV 105.6 MPH)
|
|
Batting: RHB Jose Gracia
|
0-0: Foul Ball, location: 2F 0-1: Ball Wild Pitch! Chris Hull to second 1-1: Ball Wild Pitch! Chris Hull to third 2-1: Ball 3-1: Ground out 6-3 (Groundball, 6MS, EV 65.0 MPH)
|
| Top of the 2nd over - 0 runs, 0 hits, 0 errors, 1 left on base; Cedar Rapids 0 - Lansing 0 |
| BOTTOM OF THE 2ND |
|
Lansing Lugnuts batting - Pitching for Cedar Rapids Kernels : LHP Mario Flores
|
|
Batting: RHB Javier Garcia
|
0-0: Ground out 6-3 (Groundball, 6, EV 100.6 MPH)
|
|
Batting: LHB Roger Escareno
|
0-0: Ball 1-0: Ball 2-0: Ball 3-0: Called Strike 3-1: Base on Balls
|
|
Batting: LHB Tony Vitela
|
0-0: Fielders Choice at 2nd, 4-6 (Groundball, 4, EV 106.2 MPH)
|
|
Batting: RHB Jamie Ogilvie
|
0-0: Ball Tony Vitela steals 2nd base 1-0: Ball 2-0: Foul Ball, location: 2F 2-1: Ball 3-1: Swinging Strike 3-2: Strikes out swinging
|
| Bottom of the 2nd over - 0 runs, 0 hits, 0 errors, 1 left on base; Cedar Rapids 0 - Lansing 0 |
| TOP OF THE 3RD |
|
Cedar Rapids Kernels batting - Pitching for Lansing Lugnuts : RHP Takehide Tanaka
|
|
Batting: RHB Jeremy Witt
|
0-0: SINGLE (Groundball, 56D, EV 107.5 MPH) (infield hit)
|
|
Batting: RHB Tim Carter
|
0-0: Called Strike 0-1: Fielders Choice at 2nd, 5-4 (Groundball, 5, EV 86.2 MPH)
|
|
Batting: RHB Mike Buchanan
|
0-0: Fielders Choice at 2nd, 4-6 (Groundball, 4, EV 78.1 MPH)
|
|
Batting: LHB Tomas Espino
|
0-0: Called Strike 0-1: Ball 1-1: Called Strike 1-2: Strikes out swinging
|
| Top of the 3rd over - 0 runs, 1 hit, 0 errors, 1 left on base; Cedar Rapids 0 - Lansing 0 |
| BOTTOM OF THE 3RD |
|
Lansing Lugnuts batting - Pitching for Cedar Rapids Kernels : LHP Mario Flores
|
|
Batting: RHB Dan Hilyer
|
0-0: Foul Ball, location: 2F 0-1: Ball 1-1: Foul Ball, location: 2F 1-2: Foul Ball, location: 2F 1-2: Foul Ball, location: 2F 1-2: Ball 2-2: Ground out 6-3 (Groundball, 6, EV 81.9 MPH)
|
|
Batting: RHB Kennet Strijbis
|
0-0: Called Strike 0-1: Ball 1-1: Ball 2-1: Foul Ball, location: 2F 2-2: Strikes out swinging, 2-3 out at first.
|
|
Batting: RHB Brian Manson
|
0-0: Fly out, F8 (Flyball, 8LM, EV 87.5 MPH)
|
| Bottom of the 3rd over - 0 runs, 0 hits, 0 errors, 0 left on base; Cedar Rapids 0 - Lansing 0 |
| TOP OF THE 4TH |
|
Cedar Rapids Kernels batting - Pitching for Lansing Lugnuts : RHP Takehide Tanaka
|
|
Batting: RHB Pat Adams
|
0-0: Called Strike 0-1: Ball 1-1: Ground out 6-3 (Groundball, 6, EV 85.0 MPH)
|
|
Batting: RHB Nick Phipps
|
0-0: Foul Ball, location: 2F 0-1: Ground out 5-3 (Groundball, 56, EV 111.9 MPH)
|
|
Batting: SHB Chris Hull
|
0-0: Fly out, F8 (Line Drive, 8RD, EV 96.9 MPH)
|
| Top of the 4th over - 0 runs, 0 hits, 0 errors, 0 left on base; Cedar Rapids 0 - Lansing 0 |
| BOTTOM OF THE 4TH |
|
Lansing Lugnuts batting - Pitching for Cedar Rapids Kernels : LHP Mario Flores
|
|
Batting: RHB Raul de la Cruz
|
0-0: Foul Ball, location: 2F 0-1: Ball 1-1: SINGLE (Groundball, 56S, EV 63.8 MPH) (infield hit)
|
|
Batting: RHB Butch Koglin
|
0-0: Ball Raul de la Cruz steals 2nd base 1-0: Called Strike 1-1: Foul Ball, location: 2F 1-2: Ball 2-2: Strikes out looking
|
|
Batting: RHB Javier Garcia
|
0-0: Ball 1-0: Fly out, F7 (Flyball, 7LM, EV 105.0 MPH)
|
|
Batting: LHB Roger Escareno
|
0-0: Ball 1-0: Called Strike 1-1: Called Strike 1-2: Foul Ball, location: 2F 1-2: Strikes out looking
|
| Bottom of the 4th over - 0 runs, 1 hit, 0 errors, 1 left on base; Cedar Rapids 0 - Lansing 0 |
| TOP OF THE 5TH |
|
Cedar Rapids Kernels batting - Pitching for Lansing Lugnuts : RHP Takehide Tanaka
|
|
Batting: RHB Steve Terrell
|
0-0: Ground out 5-3 (Groundball, 56S, EV 72.5 MPH)
|
|
Batting: RHB Jose Gracia
|
0-0: Foul Ball, location: 2F 0-1: Foul Ball, location: 2F 0-2: Ground out 2-3 (Groundball, 2R, EV 70.6 MPH)
|
|
Batting: RHB Jeremy Witt
|
0-0: Ball 1-0: Called Strike 1-1: Foul Ball, location: 2F 1-2: Strikes out swinging
|
| Top of the 5th over - 0 runs, 0 hits, 0 errors, 0 left on base; Cedar Rapids 0 - Lansing 0 |
| BOTTOM OF THE 5TH |
|
Lansing Lugnuts batting - Pitching for Cedar Rapids Kernels : LHP Mario Flores
|
|
Batting: LHB Tony Vitela
|
0-0: DOUBLE (Line Drive, 5D, EV 99.4 MPH)
|
|
Batting: RHB Jamie Ogilvie
|
0-0: Ball 1-0: Foul Ball, location: 2F 1-1: Called Strike 1-2: Strikes out looking
|
|
Batting: RHB Dan Hilyer
|
0-0: Ball Tony Vitela steals 3rd base 1-0: Called Strike 1-1: Foul Ball, location: 2F 1-2: Foul Ball, location: 2F 1-2: Ball 2-2: Reached via error on a dropped throw from 3B, E3 (Groundball, 5L, EV 99.4 MPH) Tony Vitela scores
|
|
Batting: RHB Kennet Strijbis
|
0-0: SINGLE (Groundball, 34, EV 101.9 MPH) (infield hit) Dan Hilyer to second
|
|
Batting: RHB Brian Manson
|
0-0: Called Strike 0-1: Foul Ball, location: 2F 0-2: Strikes out swinging
|
|
Batting: RHB Raul de la Cruz
|
0-0: Called Strike 0-1: Ball 1-1: Ground out 1-3 (Groundball, 34S, EV 62.5 MPH)
|
| Bottom of the 5th over - 1 run, 2 hits, 1 error, 2 left on base; Cedar Rapids 0 - Lansing 1 |
| TOP OF THE 6TH |
|
Cedar Rapids Kernels batting - Pitching for Lansing Lugnuts : RHP Takehide Tanaka
|
|
Batting: RHB Tim Carter
|
0-0: Swinging Strike 0-1: Ground out 5-3 (Groundball, 56, EV 85.6 MPH)
|
|
Batting: RHB Mike Buchanan
|
0-0: Ball 1-0: Ground out 6-3 (Groundball, 6, EV 80.0 MPH)
|
|
Batting: LHB Tomas Espino
|
0-0: Ball 1-0: Called Strike 1-1: Foul Ball, location: 2F 1-2: Foul Ball, location: 2F 1-2: SOLO HOME RUN (Flyball, 7D, EV 95.6 MPH), Distance : 353 ft
|
|
Batting: RHB Pat Adams
|
0-0: Ball 1-0: Ball 2-0: Ball 3-0: Fly out, F4 (Popup, 4S, EV 80.6 MPH)
|
| Top of the 6th over - 1 run, 1 hit, 0 errors, 0 left on base; Cedar Rapids 1 - Lansing 1 |
| BOTTOM OF THE 6TH |
|
Lansing Lugnuts batting - Pitching for Cedar Rapids Kernels : LHP Mario Flores
|
|
Batting: RHB Butch Koglin
|
0-0: Foul Ball, location: 2F 0-1: Ball 1-1: Fly out, F7 (Flyball, 7D, EV 91.9 MPH)
|
|
Batting: RHB Javier Garcia
|
0-0: Called Strike 0-1: Ball 1-1: Swinging Strike 1-2: Strikes out swinging
|
|
Batting: LHB Roger Escareno
|
0-0: Called Strike 0-1: Ball 1-1: Ball 2-1: Foul Ball, location: 2F 2-2: Foul Ball, location: 2F 2-2: Ball 3-2: Fly out, F7 (Line Drive, 78M, EV 83.8 MPH)
|
| Bottom of the 6th over - 0 runs, 0 hits, 0 errors, 0 left on base; Cedar Rapids 1 - Lansing 1 |
| TOP OF THE 7TH |
|
Cedar Rapids Kernels batting - Pitching for Lansing Lugnuts : RHP Takehide Tanaka
|
|
Batting: RHB Nick Phipps
|
0-0: Ball 1-0: Ball 2-0: Ball 3-0: Called Strike 3-1: Swinging Strike 3-2: Fly out, F3 (Popup, 3SF, EV 72.5 MPH)
|
|
Batting: SHB Chris Hull
|
0-0: Called Strike 0-1: SINGLE (Groundball, 6M, EV 85.6 MPH) (infield hit)
|
|
Batting: RHB Steve Terrell
|
0-0: Ball 1-0: Fly out, F9 (Flyball, 9D, EV 80.6 MPH)
|
|
Batting: RHB Jose Gracia
|
0-0: Called Strike 0-1: Foul Ball, location: 2F 0-2: Ball 1-2: Strikes out looking
|
| Top of the 7th over - 0 runs, 1 hit, 0 errors, 1 left on base; Cedar Rapids 1 - Lansing 1 |
| BOTTOM OF THE 7TH |
|
Lansing Lugnuts batting - Pitching for Cedar Rapids Kernels : LHP Mario Flores
|
|
Batting: LHB Tony Vitela
|
0-0: Foul Ball, location: 2F 0-1: Swinging Strike 0-2: Strikes out swinging
|
|
Batting: RHB Jamie Ogilvie
|
0-0: Swinging Strike 0-1: Called Strike 0-2: Ball 1-2: Foul Ball, location: 2F 1-2: Ball 2-2: Foul Ball, location: 2F 2-2: Foul Ball, location: 2F 2-2: Strikes out swinging
|
|
Batting: RHB Dan Hilyer
|
0-0: Ball 1-0: Ball 2-0: Swinging Strike 2-1: Foul Ball, location: 2F 2-2: Strikes out swinging
|
| Bottom of the 7th over - 0 runs, 0 hits, 0 errors, 0 left on base; Cedar Rapids 1 - Lansing 1 |
| TOP OF THE 8TH |
|
Cedar Rapids Kernels batting - Pitching for Lansing Lugnuts : RHP Takehide Tanaka
|
|
Batting: RHB Jeremy Witt
|
0-0: Foul Ball, location: 2F 0-1: Called Strike 0-2: Ball 1-2: Foul Ball, location: 2F 1-2: Ball 2-2: Strikes out swinging
|
|
Batting: RHB Tim Carter
|
0-0: Foul Ball, location: 2F 0-1: Swinging Strike 0-2: Strikes out looking
|
|
Batting: RHB Mike Buchanan
|
0-0: Ball 1-0: Swinging Strike 1-1: Ball 2-1: Ball 3-1: Foul Ball, location: 2F 3-2: Ground out 6-3 (Groundball, 56, EV 105.6 MPH)
|
| Top of the 8th over - 0 runs, 0 hits, 0 errors, 0 left on base; Cedar Rapids 1 - Lansing 1 |
| BOTTOM OF THE 8TH |
|
Lansing Lugnuts batting - Pitching for Cedar Rapids Kernels : LHP Mario Flores
|
|
Pitching: RHP Dean Huch
|
|
|
Pinch Hitting: LHB Timo Gomez
|
0-0: Called Strike 0-1: Ball 1-1: Foul Ball, location: 2F 1-2: Ball 2-2: Strikes out swinging
|
|
Pinch Hitting: LHB Chris Munguia
|
0-0: Called Strike 0-1: Swinging Strike 0-2: Foul Ball, location: 2F 0-2: Strikes out swinging
|
|
Batting: RHB Raul de la Cruz
|
0-0: Called Strike 0-1: SINGLE (Groundball, 34D, EV 100.6 MPH)
|
|
Pinch Hitting: LHB Rodrigo Briceno
|
0-0: Ball Raul de la Cruz is caught stealing 2nd base 2-6
|
| Bottom of the 8th over - 0 runs, 1 hit, 0 errors, 0 left on base; Cedar Rapids 1 - Lansing 1 |
| TOP OF THE 9TH |
|
Cedar Rapids Kernels batting - Pitching for Lansing Lugnuts : RHP Takehide Tanaka
|
|
Now at 1B: Rodrigo Briceno
|
|
|
Now at 2B: Jose Garza
|
|
|
Now in LF: Timo Gomez
|
|
|
Now in CF: Dan Hilyer
|
|
|
Batting: LHB Tomas Espino
|
0-0: Called Strike 0-1: Ball 1-1: Ball 2-1: Foul Ball, location: 2F 2-2: Ground out 4-3 (Groundball, 4, EV 77.5 MPH)
|
|
Batting: RHB Pat Adams
|
0-0: Foul Ball, location: 2F 0-1: Ball 1-1: Called Strike 1-2: Ground out 1-3 (Groundball, 34S, EV 68.8 MPH)
|
|
Batting: RHB Nick Phipps
|
0-0: Called Strike 0-1: Swinging Strike 0-2: Foul Ball, location: 2F 0-2: Ball 1-2: Ball 2-2: Foul Ball, location: 2F 2-2: Ground out 4-3 (Groundball, P, EV 79.4 MPH)
|
| Top of the 9th over - 0 runs, 0 hits, 0 errors, 0 left on base; Cedar Rapids 1 - Lansing 1 |
| BOTTOM OF THE 9TH |
|
Lansing Lugnuts batting - Pitching for Cedar Rapids Kernels : RHP Dean Huch
|
|
Pitching: RHP Andy Symons
|
|
|
Batting: LHB Rodrigo Briceno
|
0-0: Foul Ball, location: 2F 0-1: Foul Ball, location: 2F 0-2: SINGLE (Line Drive, 8LS, EV 105.0 MPH)
|
|
Pinch Hitting: LHB Danny Bailey
|
0-0: Ball 1-0: Ball 2-0: Grounds out, U3 (Groundball, 3L, EV 101.9 MPH)
|
|
Batting: LHB Roger Escareno
|
0-0: Called Strike 0-1: Swinging Strike 0-2: Ball 1-2: Strikes out swinging
|
|
Batting: LHB Tony Vitela
|
0-0: Intentional Walk
|
|
Pinch Runner at 2nd Carlos Renteria:
|
|
|
Pinch Hitting: LHB Marc Carter
|
0-0: Foul Ball, location: 2F 0-1: SINGLE (Groundball, 34D, EV 98.1 MPH) Carlos Renteria to third Tony Vitela to second Runner from 3rd tries for Home, SAFE, throw by RF to home
|
| Bottom of the 9th over - 1 run, 2 hits, 0 errors, 2 left on base; Cedar Rapids 1 - Lansing 2 |
|